Map: Galactic Process LE

Players

Elazer

  • Race: Zerg Zerg

uThermal - Winner!

  • Race: Terran Terran

Event: IEM Season 11 - Shanghai

VOD

https://www.youtube.com/watch?v=vDSBlc_xO0U

Description

Time

  • Played on: July 29, 2016, 7:02 a.m.
  • Length: 8:43

All games in this series

Show
View Real Time Build Order
Export as new Build Order

Elazer Zerg 

Build Orders: Hatch First 

Get SALT Encoding   

  12  0:00  Drone  
  13  0:11  Overlord  
  13  0:17  Drone  
  14  0:30  Drone x2  
  14  0:34  Drone  
  17  0:52  Hatchery  
  17  0:54  Drone  
  17  0:57  Drone  
  18  1:08  Extractor  
  17  1:12  Spawning Pool  
  17  1:15  Drone  
  17  1:18  Drone  
  18  1:27  Drone  
  19  1:38  Overlord  
  19  1:58  Queen  
  19  1:59  Zergling x2  
  19  2:00  Zergling x2  
  23  2:03  Queen  
  23  2:04  Drone  
  23  2:07  Metabolic Boost  
  26  2:24  Hatchery  
  26  2:27  Drone  
  26  2:29  Drone  
  27  2:33  Drone  
  27  2:36  Drone  
  28  2:47  Queen  
  28  2:49  Queen  
  28  2:50  Zergling x4  
  35  2:51  Overlord  
  35  3:04  Roach Warren  
  34  3:10  Zergling x6  
  36  3:21  Zergling x4  
  36  3:23  Zergling x4  
  37  3:27  Queen  
  37  3:32  Zergling x4  
  40  3:38  Zergling x4  
  41  3:51  Roach  
  41  3:52  Overlord  
  43  4:02  Overlord  
  43  4:09  Queen  
  42  4:11  Roach  
  42  4:12  Roach  
  42  4:13  Roach  
  50  4:21  Roach x2  
  54  4:25  Roach  
  55  4:34  Roach x2  
  59  4:42  Zergling x2  
  59  4:43  Overlord  
  60  4:53  Overlord  
  60  4:56  Extractor  
  60  4:58  Drone  
  60  5:03  Drone x2  
  60  5:04  Drone x2  
  61  5:10  Drone x2  
  60  5:15  Drone  
  60  5:17  Overlord  
  61  5:23  Drone x2  
  63  5:29  Lair  
  63  5:33  Drone  
  63  5:35  Drone  
  65  5:36  Drone  
  65  5:39  Drone  
  65  5:41  Drone  
  64  5:44  Drone  
  64  5:45  Drone  
  64  5:49  Drone x2  
  68  5:53  Drone  
  68  5:54  Drone  
  68  6:04  Overlord  
  68  6:07  Overlord  
  68  6:11  Extractor  
  67  6:21  Roach x4  
  67  6:23  Ravager  
  76  6:26  Overlord  
  76  6:28  Ravager  
  74  6:34  Glial Reconstitution  
  74  6:38  Roach  
  74  6:39  Roach x4  
  84  6:40  Extractor  
  84  6:45  Ravager  
  84  6:51  Evolution Chamber  
  84  6:52  Evolution Chamber  
  82  6:55  Drone x3  
  82  6:59  Drone x2  
  82  7:01  Hatchery  
  86  7:06  Drone x2  
  88  7:14  Overlord  
  85  7:18  Roach x4  
  85  7:32  Overlord  
  84  7:37  Roach x2  
  84  7:38  Roach x3  
  84  7:41  Drone x2  
  77  7:55  Queen  
  77  7:58  Overlord  
  74  8:03  Roach x3  
  74  8:04  Roach  
  71  8:13  Roach x2  
  75  8:22  Roach x2  
Show
View Real Time Build Order
Export as new Build Order

uThermal Terran - Winner!

Build Orders:  

Get SALT Encoding   

  12  0:01  SCV  
  13  0:13  SCV  
  14  0:18  Supply Depot  
  14  0:25  SCV  
  15  0:39  SCV  
  15  0:41  Barracks  
  16  0:45  Refinery  
  16  0:51  SCV  
  17  0:59  Barracks  
  17  1:04  SCV  
  18  1:15  Barracks  
  18  1:20  SCV  
  19  1:28  Reaper  
  20  1:34  Refinery  
  20  1:46  Reaper  
  21  1:48  Orbital Command  
  21  1:57  Supply Depot  
  22  2:01  Reaper  
  22  2:10  Reaper  
  23  2:16  Supply Depot  
  23  2:20  Reaper  
  24  2:28  SCV  
  25  2:34  Reaper  
  26  2:42  Reaper  
  27  2:55  Reaper  
  28  3:00  Command Center  
  28  3:06  Reaper  
  28  3:10  SCV  
  30  3:14  Reaper  
  31  3:22  SCV  
  31  3:25  Supply Depot  
  33  3:27  Reaper  
  33  3:36  SCV  
  33  3:38  Reaper  
  35  3:48  SCV  
  36  4:00  SCV  
  37  4:03  Barracks Tech Lab  
  37  4:08  Factory  
  37  4:12  Barracks Reactor x2, SCV  
  37  4:13  Orbital Command  
  38  4:21  Marine  
  39  4:24  SCV  
  39  4:25  Stimpack  
  40  4:36  SCV  
  41  4:40  Marine  
  41  4:41  SCV  
  43  4:48  SCV  
  43  4:50  Marine x2  
  43  4:51  Marine x2  
  48  4:53  SCV  
  48  4:58  Marine  
  50  5:00  SCV  
  50  5:02  Supply Depot  
  50  5:05  SCV  
  52  5:08  Marine  
  52  5:11  Marine x3  
  52  5:12  SCV  
  55  5:17  SCV  
  57  5:22  Engineering Bay  
  57  5:24  Engineering Bay  
  57  5:25  Marine  
  57  5:27  Factory Reactor, Starport, Supply Depot  
  57  5:28  Marine  
  57  5:32  SCV  
  59  5:38  SCV  
  59  5:42  Marine  
  61  5:43  Marine  
  61  5:44  SCV  
  61  5:46  Supply Depot, Marine x2  
  65  5:54  Terran Infantry Weapons Level 1, Refinery  
  65  5:55  Terran Infantry Armor Level 1  
  65  5:56  Marine  
  66  6:03  SCV  
  67  6:04  Marine  
  67  6:08  SCV  
  67  6:11  Factory Tech Lab  
  69  6:12  Medivac  
  69  6:13  Medivac  
  72  6:20  SCV  
  72  6:22  Marine x2, SCV  
  72  6:23  Marine x2  
  78  6:27  Marine  
  78  6:32  SCV  
  80  6:40  Marine  
  80  6:42  SCV  
  80  6:43  Supply Depot  
  80  6:45  Marine  
  83  6:48  Marine  
  83  6:49  Command Center, Marine  
  83  6:53  SCV  
  86  6:54  Supply Depot  
  86  6:59  Armory  
  86  7:04  Marine x2, Refinery  
  86  7:06  Supply Depot, Marine  
  89  7:09  Marine  
  89  7:10  Marine  
  91  7:22  Marine x2  
  92  7:23  SCV  
  92  7:24  Marine  
  92  7:26  SCV  
  92  7:27  Marine x2  
  97  7:34  Siege Tank  
  97  7:35  Medivac  
  97  7:37  Supply Depot  
  102  7:40  Marine  
  102  7:41  Marine  
  102  7:42  Marine  
  99  7:44  Marine  
  99  7:45  Marine  
  99  7:53  Medivac  
  99  7:58  Marine  
  99  7:59  Marine  
  99  8:02  Orbital Command  
  99  8:05  Marine x2  
  97  8:28  Missile Turret x2  

Tags
 
Add a new tag
Caveats
  • Supply blocks, unpowered buildings, or Contaminate may cause inaccurate times.
  • Supply counts are checked every 10 seconds.